AoeStats
← KSK1912

Oasis

509640025Analyzed
2v2 RM · 4d ago on Sep 27, 2026· 54m 21s· 4 players
Game mode
Random Map
Map size
Medium (4 player)
Population
200
Speed
Normal
Resources
Standard
Victory
Conquest
Starting age
Dark Age
Ending age
Imperial Age
RankedLock teamsTeams togetherTeam positionsShared explorationLock speedFull tech treeHidden civsTurbo modeCheats
Victory
Defeat
🇹🇷 Mongols · Türkiye
923
+14
🇦🇷 Cumans · Argentina
827
+41
🇭🇰 Saxons · Hong Kong SAR China
876
-16
🇨🇳 Turks · China
857
-15
ctgu_lishengfei
5:38 Loom
11:58 Feudal Age
16:52 Castle Age
15:05 Double-Bit Axe
16:44 Stone Mining
17:20 Padded Archer Armor
19:13 Wheelbarrow
18:40 Horse Collar
19:52 Fletching
22:41 Hand Cart
23:45 Gold Mining
24:12 Bow Saw
26:11 Treadmill Crane
31:31 Imperial Age
29:27 Ballistics
29:42 Leather Archer Armor
29:25 Bodkin Arrow
33:44 Ring Archer Armor
33:15 Bracer
34:38 Murder Holes
36:56 Scale Barding Armor
37:01 Forging
37:29 Scale Mail Armor
38:17 Husbandry
38:28 Bloodlines
37:56 Elite Janissary
39:00 Heavy Camel Rider
41:50 Two-Man Saw
40:51 Heavy Plow
43:18 Chain Barding Armor
43:34 Iron Casting
44:04 Masonry
44:12 Chain Mail Armor
46:08 Artillery
48:25 Plate Barding Armor
48:51 Blast Furnace
50:26 Plate Mail Armor
732436706
11:14 Feudal Age
9:40 Loom
11:46 Double-Bit Axe
16:12 Horse Collar
21:55 Castle Age
19:41 Man-at-Arms
20:07 Arson
20:48 Gold Mining
20:50 Stone Mining
21:43 Scale Mail Armor
23:11 Squires
22:57 Gambesons
25:33 Wheelbarrow
26:51 Hand Cart
26:22 Pikeman
31:42 Bow Saw
33:40 Caravan
34:24 Long Swordsman
37:03 Clerical Recruitment
42:14 Imperial Age
40:44 Heavy Plow
40:38 Treadmill Crane
40:55 Murder Holes
41:56 Chain Mail Armor
43:21 Halberdier
49:45 Two-Man Saw
52:49 Two-Handed Swordsman
54:05 Champion
KSK1912
10:40 Feudal Age
12:51 Loom
19:39 Castle Age
18:13 Bloodlines
18:04 Horse Collar
18:45 Scale Barding Armor
19:39 Double-Bit Axe
21:03 Chain Barding Armor
20:47 Husbandry
24:57 Heavy Plow
25:44 Wheelbarrow
26:49 Stone Mining
28:44 Ballistics
30:09 Hand Cart
34:21 Gold Mining
35:08 Stone Shaft Mining
35:53 Gold Shaft Mining
35:34 Bow Saw
38:26 Imperial Age
37:02 Fletching
37:13 Padded Archer Armor
38:43 Elite Steppe Lancer
40:19 Capped Ram
44:58 Chemistry
48:31 Bodkin Arrow
48:51 Leather Archer Armor
48:37 Scale Mail Armor
48:48 Forging
48:02 Pikeman
48:43 Squires
RFM06
0:34 Loom
12:51 Feudal Age
18:24 Castle Age
16:25 Double-Bit Axe
19:37 Stone Mining
21:50 Wheelbarrow
23:42 Town Watch
25:15 Town Patrol
25:35 Scale Mail Armor
26:11 Ballistics
28:00 Bow Saw
27:52 Fletching
29:17 Bodkin Arrow
29:18 Elite Skirmisher
29:58 Murder Holes
34:10 Imperial Age
38:11 Padded Archer Armor
39:49 Forging
40:48 Chain Mail Armor
43:52 Scale Barding Armor
45:27 Leather Archer Armor
Connection lost

Rejoining the realm…

Still unreachable

The connection could not be restored.

Session expired

The server has moved on; the page needs a fresh start.